 Dungeon Crawl Stone Soup version 0.30-a0-1163-gf69bf04e7a (webtiles) character file.

Game seed: 2132168959932512392

41 NateTC the Digger (level 3, -1/19 HPs)
             Began as a Deep Elf Earth Elementalist on Apr 29, 2023.
             Succumbed to their own poison gas
             ... on level 1 of the Dungeon.
             The game lasted 00:03:06 (697 turns).

NateTC the Digger (Deep Elf Earth Elementalist)      Turns: 697, Time: 00:03:07

Health: -1/19      AC:  4    Str:  5    XL:     3   Next: 32%
Magic:  10/10      EV: 12    Int: 21    God:
Gold:   23         SH:  0    Dex: 15    Spells: 8/9 levels left

rFire   . . .        (no weapon)
rCold   . . .        (no shield)
rNeg    . . .        a - +0 robe
rPois   .            (no helmet)
rElec   .            j - +1 cloak
rCorr   .            (no gloves)
SInv    .            (no boots)
Will    .....        (no amulet)
Stlth   ++           (no ring)
HPRegen 0.23/turn    (no ring)
MPRegen 0.12/turn

%: no passive effects
@: lethally poisoned (-1 -> -32)
A: no striking features
a: no special abilities


You were on level 1 of the Dungeon.
You visited 1 branch of the dungeon, and saw 1 of its levels.

You collected 23 gold pieces.

Inventory:

Armour
 a - a +0 robe (worn)
 j - a +1 cloak (worn)
Scrolls
 k - 2 scrolls of teleportation {unknown}
 m - a scroll of amnesia {unknown}
Potions
 b - a potion of magic
 f - 2 potions of heal wounds
 g - a potion of brilliance
 i - a potion of attraction {unknown}
 l - a potion of berserk rage {unknown}


   Skills:
 - Level 2.4 Dodging
 - Level 2.4 Stealth
 + Level 3.6 Spellcasting
 * Level 2.3 Conjurations
 - Level 1.1 Transmutations
 + Level 3.7 Earth Magic


You had 8 spell levels left.
You knew the following spells:

 Your Spells              Type           Power      Damage    Failure   Level
a - Sandblast             Erth           38%        2d10      2%          1

Your spell library contained the following spells:

 Spells                   Type           Power      Damage    Failure   Level
 Passwall                 Tmut/Erth      11%        N/A       7%          2
 Stone Arrow              Conj/Erth      32%        3d9       11%         3
 Hailstorm                Conj/Ice       8%         3d4       24%         3
 Petrify                  Tmut/Erth      14%        N/A       41%         4
 Ice Form                 Ice/Tmut       6%         N/A       69%         4
 Summon Ice Beast         Ice/Summ       3%         N/A       77%         4
 Summon Mana Viper        Hex/Summ       3%         N/A       98%         5
 Simulacrum               Ice/Necr       1%         N/A       100%        6
 Monstrous Menagerie      Summ           1%         N/A       100%        7


Dungeon Overview and Level Annotations

Branches:
Dungeon (1/15) Zot: 5283

Altars:

Shops:
D:1 [


Message History

f - 2 lumpy blue potions (gained 1)
m - a scroll labelled GEAHEYZXEZO A quokka comes into view.
You see here a ball python corpse.
A quokka is nearby!
A quokka is nearby!
You can't see any susceptible monsters within range! (Use Z to cast anyway.)
You can't see any susceptible monsters within range! (Use Z to cast anyway.)
You can't see any susceptible monsters within range! (Use Z to cast anyway.)
You can't see any susceptible monsters within range! (Use Z to cast anyway.)
The blast of sand hits the quokka!
You kill the quokka!
You can't see any susceptible monsters within range! (Use Z to cast anyway.)
You can't see any susceptible monsters within range! (Use Z to cast anyway.)
You see here a ball python corpse.
You see here a +0 ring mail.
Done exploring.
Done exploring.
Done exploring.
Done exploring.
As you read the scroll labelled HAAMOZ HENGYLUTA, it crumbles to dust.
It is a scroll of identify.
f - 2 potions of heal wounds
As you read the scroll of identify, it crumbles to dust.
g - a potion of brilliance
As you read the scroll labelled ODDYIC OCAM, it crumbles to dust.
It is a scroll of enchant armour.
Your +0 cloak glows green for a moment.
The air fills with toxic fumes!
As you read the scroll labelled MUAX TERCH, it crumbles to dust.
It was a scroll of poison.
Blink to where?
Press: ? - help, Dir - move target Really blink into that cloud of poison gas?
As you read the scroll labelled HAZEENEPUU, it crumbles to dust.
It was a scroll of blinking.
You are engulfed in poison gas.
You are poisoned.
You feel very sick.
You are engulfed in poison gas.
You are lethally poisoned!
You die...

#'## ###### #...##.###.... ..#
#.§§.# ##...#...#)### <.# #.§§§##
#.#..##...# ### #.§§§§#
#.##)###..# .###
####§§########.#....)..###
...#########§§§[.........###.....
##....#...##§§§§######.#........#
#..........#§§§§######.###..##...
~.~.........§§§§@§..........#####
≈.~≈........§§§§########.##...#
~∩~≈........§§§§# #.####.###
≈≈≈≈.......#....# #.# #..##
≈≈≈...#...##....# #.# ##.##
############....# #.# #.#. ######
#.# ###.#[ #####.###.....
#.........#.##


There were no monsters in sight!

Vanquished Creatures
  A gnoll (D:1)
  2 dart slugs (D:1)
  2 bats (D:1)
  4 endoplasms (D:1)
  A giant cockroach (D:1)
  A hobgoblin (D:1)
  2 quokkas (D:1)
  4 ball pythons (D:1)
  4 frilled lizards (D:1)
  2 kobolds (D:1)
  7 rats (D:1)
30 creatures vanquished.

Notes
Turn   | Place    | Note
-------+----------+-------------------------------------------
     0 | D:1      | NateTC the Deep Elf Earth Elementalist began the quest for
                  | the Orb.
     0 | D:1      | Reached XP level 1. HP: 10/10 MP: 6/6
     5 | D:1      | Found Noce Biosolo's Antique Armour Boutique.
    78 | D:1      | Reached skill level 1 in Conjurations
   101 | D:1      | Reached XP level 2. HP: 11/15 MP: 5/8
   355 | D:1      | Reached XP level 3. HP: 19/19 MP: 6/10
   697 | D:1      | Succumbed to their own poison gas

Illustrated notes

Levels and vault maps discovered:
D:1:      dpeg_arrival_ratfight, layout_rooms, serial_shops,
          nicolae_shop_waterfront, moated_statue

Skill      XL: |  1  2 |
---------------+-------+-----
Conjurations   | 1 2 |  2.3
Dodging        | |  2.4
Stealth        | |  2.4
Spellcasting   | |  3.6
Transmutations | |  1.1
Earth Magic    | |  3.7

Action                     || total
---------------------------++-------
   Cast: Sandblast         ||    37
    Use: Scroll            ||     5
 Armour: Robe              ||     1
  Dodge: Dodged            ||     4

Table legend: (Time is in decaauts)
 A = Elapsed time spent in this place.
 B = Non-inter-level travel time spent in this place.
 C = Inter-level travel time spent in this place.
 D = Time resting spent in this place.
 E = Time spent auto-exploring this place.
 F = Levels seen in this place.
 G = Mean time per level.
                   A        B        C        D        E       F      G
               +--------+--------+--------+--------+--------+-----+--------+
         Total |    716 |    716 |      0 |    132 |    325 |   1 |  716.0 |
       Dungeon |    716 |    716 |      0 |    132 |    325 |   1 |  716.0 |
               +--------+--------+--------+--------+--------+-----+--------+

Top non-repeatable levels by time:
     D:1: 716 daAuts
